[Event "47th GRE-chT 2019"]
[Site "Patra"]
[Date "2019.07.06"]
[Round "7.24"]
[White "Souleidis, Georgios"]
[Black "Liodakis, Konstantinos-Spyros"]
[Result "1-0"]
[ECO "C00"]
[WhiteElo "2426"]
[BlackElo "2212"]
[Annotator "NA"]
[PlyCount "59"]
[EventDate "2019.07.02"]
[EventCountry "GRE"]
[SourceTitle "playchess.com"]
[Source "ChessBase"]
[SourceQuality "1"]
[TimeControl "5400+30"]

1. e4 e6 2. Qe2 c5 3. Nf3 Nc6 4. g3 Be7 5. Bg2 d5 6. d3 Nf6 7. O-O h6 8. c3 b6 9. Rd1 Bb7 10. Nbd2 Qc7 11. Nf1 O-O-O 12. Bf4 Qd7 13. Ne5 Nxe5 14. Bxe5 dxe4 15. dxe4 Qa4 16. b3 Qc6 17. Ne3 Ne8 18. c4 Bd6 19. Bxg7 Nxg7 20. e5 Qc7 21. exd6 Qd7 22. Rd2 Bxg2 23. Kxg2 Qc6+ 24. Qf3 Qxf3+ 25. Kxf3 Rd7 26. Rad1 Rhd8 27. Kf4 Kb7 28. Ng4 Nf5 29. Ne5 Rxd6 30. Nxf7 1-0

[Event "47th GRE-chT 2019"]
[Site "Patra"]
[Date "2019.07.06"]
[Round "7.25"]
[White "Antova, Gabriela"]
[Black "Daulyte-Cornette, Deimante"]
[Result "1/2-1/2"]
[ECO "A21"]
[WhiteElo "2257"]
[BlackElo "2444"]
[Annotator "NA"]
[PlyCount "80"]
[EventDate "2019.07.02"]
[EventCountry "GRE"]
[SourceTitle "playchess.com"]
[Source "ChessBase"]
[SourceQuality "1"]
[TimeControl "5400+30"]

1. d4 d6 2. c4 e5 3. Nc3 exd4 4. Qxd4 Nc6 5. Qd2 Nf6 6. b3 a5 7. Bb2 g6 8. g3 Bg7 9. Bg2 O-O 10. Nf3 Be6 11. Rd1 a4 12. O-O axb3 13. axb3 Nd7 14. Ng5 Nc5 15. Nxe6 fxe6 16. Qe3 Na5 17. Ne4 Naxb3 18. Nxc5 Nxc5 19. Ba3 Bh6 20. f4 Qe7 21. Bxc5 dxc5 22. Bxb7 Rab8 23. Bf3 Bg7 24. Kh1 Rfd8 25. Rd3 Rd4 26. Rfd1 Kf7 27. Qd2 Rbd8 28. Qc2 R8d6 29. Kg2 Qd7 30. h4 Rxd3 31. Rxd3 Rxd3 32. Qxd3 Qxd3 33. exd3 e5 34. fxe5 Bxe5 35. Bd5+ Kf6 36. Kf3 g5 37. hxg5+ Kxg5 38. g4 h5 39. gxh5 Kxh5 40. Ke4 Bd4 1/2-1/2

[Event "47th GRE-chT 2019"]
[Site "Patra"]
[Date "2019.07.06"]
[Round "7.26"]
[White "Kalyva, Kyriaki"]
[Black "Vozinaki, Anthi - Maria"]
[Result "1/2-1/2"]
[ECO "D35"]
[WhiteElo "1869"]
[BlackElo "2054"]
[Annotator "NA"]
[PlyCount "146"]
[EventDate "2019.07.02"]
[EventCountry "GRE"]
[SourceTitle "playchess.com"]
[Source "ChessBase"]
[SourceQuality "1"]
[TimeControl "5400+30"]

1. d4 d5 2. c4 e6 3. Nc3 Nf6 4. cxd5 exd5 5. Bg5 Be7 6. e3 c6 7. Bd3 Nbd7 8. Nf3 Nh5 9. Bxe7 Qxe7 10. Qc2 g6 11. O-O O-O 12. e4 dxe4 13. Nxe4 Ndf6 14. Qc5 Re8 15. Nd6 Rd8 16. Nxc8 Qxc5 17. dxc5 Rxd3 18. Nd6 Rd5 19. b4 b6 20. Rfd1 Nf4 21. Rxd5 N6xd5 22. g3 Nd3 23. a3 bxc5 24. bxc5 Rd8 25. Ng5 Nxc5 26. Ndxf7 Rf8 27. Rc1 Nb3 28. Rb1 Nd4 29. Nh6+ Kg7 30. Ng4 Nb6 31. f4 c5 32. a4 h6 33. Ne4 Nxa4 34. Ra1 Ne2+ 35. Kg2 Nec3 36. Nxc3 Nxc3 37. Rxa7+ Rf7 38. Ra6 Nd5 39. Ne5 Rf6 40. Ra7+ Kg8 41. Ra8+ Kg7 42. Rc8 g5 43. Rxc5 Rd6 44. fxg5 hxg5 45. Kf3 Kf6 46. Nc4 Rd8 47. Rc6+ Kg7 48. Kg4 Rh8 49. h3 Nf6+ 50. Kf5 Rxh3 51. Rc7+ Kh6 52. Kxf6 Rxg3 53. Ne5 Rg1 54. Rc2 Rf1+ 55. Ke6 g4 56. Rg2 Kh5 57. Rxg4 Re1 58. Rg2 Kh4 59. Kf5 Kh3 60. Rg8 Ra1 61. Nc4 Ra4 62. Nd2 Ra2 63. Ne4 Ra1 64. Nf2+ Kh2 65. Kf4 Rg1 66. Ng4+ Kg2 67. Ne5+ Kf2 68. Ra8 Rb1 69. Ra2+ Kf1 70. Nd3 Rb8 71. Rf2+ Kg1 72. Kf3 Rf8+ 73. Nf4 Rxf4+ 1/2-1/2

[Event "47th GRE-chT 2019"]
[Site "Patra"]
[Date "2019.07.06"]
[Round "7.27"]
[White "Karavitaki, Evaggelia"]
[Black "Kyriakidou, Chrysa"]
[Result "1-0"]
[ECO "B18"]
[WhiteElo "1681"]
[BlackElo "1338"]
[Annotator "NA"]
[PlyCount "149"]
[EventDate "2019.07.02"]
[EventCountry "GRE"]
[SourceTitle "playchess.com"]
[Source "ChessBase"]
[SourceQuality "1"]
[TimeControl "5400+30"]

1. e4 c6 2. d4 d5 3. Nc3 dxe4 4. Nxe4 Bf5 5. Ng3 Bg6 6. h4 h6 7. Nh3 Nf6 8. Nf4 Bh7 9. Bc4 e6 10. O-O Nd5 11. Bxd5 cxd5 12. Qh5 g6 13. Qe5 Rg8 14. Re1 Be7 15. c3 Nc6 16. Qe2 Qd7 17. a4 Na5 18. Qc2 Rc8 19. h5 Bg5 20. hxg6 Bxg6 21. Nxg6 Rxg6 22. Nh5 Bxc1 23. Raxc1 Qe7 24. Nf4 Rg5 25. Qe2 a6 26. Nd3 Qf6 27. Nc5 Ke7 28. b4 Rcg8 29. g3 Nc4 30. Kh2 h5 31. Rg1 h4 32. g4 h3 33. Nd3 Kd8 34. Rce1 Qg7 35. f3 b6 36. b5 a5 37. Ref1 Kd7 38. Re1 Kd8 39. Rd1 Kd7 40. Rde1 Kd8 41. Nf4 Qh6 42. Nd3 Qh7 43. Rd1 Kd7 44. Rde1 Qh4 45. Nf4 Re8 46. Nd3 f5 47. Ref1 fxg4 48. fxg4 e5 49. dxe5 Nxe5 50. Nxe5+ Rgxe5 51. Qf3 Re2+ 52. Kh1 Qh7 53. Qxd5+ Kc8 54. Qc6+ Qc7 55. Qxc7+ Kxc7 56. Rf3 Rh8 57. g5 h2 58. Rgf1 Re5 59. Rg3 Re7 60. g6 Rg7 61. Rf7+ Rxf7 62. gxf7 Rf8 63. Rf3 Kd6 64. Kxh2 Ke7 65. Kg3 Rxf7 66. Rxf7+ Kxf7 67. Kf4 Kf6 68. Ke4 Ke6 69. Kd4 Kd6 70. c4 Kc7 71. Kd5 Kd7 72. c5 bxc5 73. Kxc5 Kc7 74. b6+ Kb7 75. Kb5 1-0

[Event "47th GRE-chT 2019"]
[Site "Patra"]
[Date "2019.07.06"]
[Round "7.28"]
[White "Androutsopoulos-Agiotatos, Vasil"]
[Black "Papadopoulos, Argirios"]
[Result "0-1"]
[ECO "C60"]
[WhiteElo "2063"]
[BlackElo "2222"]
[Annotator "NA"]
[PlyCount "90"]
[EventDate "2019.07.02"]
[EventCountry "GRE"]
[SourceTitle "playchess.com"]
[Source "ChessBase"]
[SourceQuality "1"]
[TimeControl "5400+30"]

1. e4 e5 2. Nf3 Nc6 3. Bb5 g6 4. d4 exd4 5. Bg5 Be7 6. Bxe7 Qxe7 7. Bxc6 dxc6 8. Qxd4 Nf6 9. Nc3 Bg4 10. O-O-O Bxf3 11. gxf3 O-O 12. Qe3 b6 13. Ne2 Qe6 14. Kb1 c5 15. h4 Rad8 16. Rdg1 Nh5 17. Qg5 Kh8 18. Nf4 Nxf4 19. Qxf4 h5 20. Qxc7 Qd6 21. Qxd6 Rxd6 22. Rd1 Rfd8 23. Kc1 Kg7 24. f4 Rxd1+ 25. Rxd1 Re8 26. f3 Re6 27. Kd2 Kf6 28. Ke3 Ke7 29. Rd5 Rd6 30. Rxd6 Kxd6 31. f5 gxf5 32. Kf4 fxe4 33. fxe4 Ke6 34. Kg5 Ke5 35. Kxh5 Kxe4 36. Kg4 f5+ 37. Kg3 Ke3 38. Kg2 Ke2 39. Kg3 Ke3 40. Kg2 Kf4 41. Kh3 b5 42. a3 c4 43. b3 cxb3 44. cxb3 a5 45. a4 b4 0-1

[Event "47th GRE-chT 2019"]
[Site "Patra"]
[Date "2019.07.06"]
[Round "7.29"]
[White "Patrelakis, Evaggelos"]
[Black "Koutlas, Nikolaos"]
[Result "1-0"]
[ECO "B68"]
[WhiteElo "2209"]
[BlackElo "1969"]
[Annotator "NA"]
[PlyCount "144"]
[EventDate "2019.07.02"]
[EventCountry "GRE"]
[SourceTitle "playchess.com"]
[Source "ChessBase"]
[SourceQuality "1"]
[TimeControl "5400+30"]

1. e4 c5 2. Nf3 Nc6 3. d4 cxd4 4. Nxd4 Nf6 5. Nc3 d6 6. Bg5 e6 7. Qd2 a6 8. O-O-O Be7 9. f4 Bd7 10. Nf3 b5 11. e5 dxe5 12. fxe5 Nd5 13. Nxd5 exd5 14. Bxe7 Nxe7 15. Bd3 Rc8 16. h3 Bf5 17. Bxf5 Nxf5 18. Rhe1 O-O 19. Qxd5 Qa5 20. e6 fxe6 21. Qxe6+ Kh8 22. Kb1 Qc7 23. c3 Rf6 24. Qd7 Qxd7 25. Rxd7 h6 26. Re4 Rcf8 27. b3 Rg6 28. Re2 Ng3 29. Rc2 Nf5 30. Rd3 Re8 31. g4 Nd6 32. Kb2 Rge6 33. Nd2 Nf7 34. c4 Ne5 35. Rd5 bxc4 36. Nxc4 Nxc4+ 37. Rxc4 Re2+ 38. Rc2 Rxc2+ 39. Kxc2 Re2+ 40. Rd2 Re3 41. Rd3 Re2+ 42. Kb1 Kg8 43. b4 Kf7 44. a4 Ke6 45. b5 axb5 46. axb5 Re5 47. Rb3 Kd7 48. Kc2 h5 49. Kd3 hxg4 50. hxg4 Kc7 51. b6+ Kb7 52. Rb4 g5 53. Kd4 Re1 54. Kd5 Rf1 55. Ke5 Rf2 56. Kd5 Rf8 57. Re4 Kxb6 58. Re5 Rg8 59. Ke6 Kc6 60. Kf7 Kd6 61. Rf5 Rc8 62. Kf6 Rg8 63. Rxg5 Rf8+ 64. Kg7 Rf4 65. Rg6+ Ke5 66. Kh6 Rf1 67. Ra6 Rh1+ 68. Kg6 Rg1 69. g5 Rh1 70. Kg7 Rg1 71. g6 Rg2 72. Kf7 Kd5 1-0

[Event "47th GRE-chT 2019"]
[Site "Patra"]
[Date "2019.07.06"]
[Round "7.30"]
[White "Dogias, Christos"]
[Black "Karavitaki, Antonia"]
[Result "1/2-1/2"]
[ECO "B34"]
[WhiteElo "1409"]
[BlackElo "1481"]
[Annotator "NA"]
[PlyCount "110"]
[EventDate "2019.07.02"]
[EventCountry "GRE"]
[SourceTitle "playchess.com"]
[Source "ChessBase"]
[SourceQuality "1"]
[TimeControl "5400+30"]

1. e4 c5 2. Nf3 g6 3. d4 cxd4 4. Nxd4 Bg7 5. Be3 Nc6 6. Nc3 Nf6 7. Be2 O-O 8. O-O d5 9. exd5 Nxd5 10. Nxd5 Nxd4 11. Bxd4 Qxd5 12. Bxg7 Qxd1 13. Raxd1 Kxg7 14. Bf3 Bf5 15. c3 Rac8 16. Rfe1 Kf6 17. Re2 b6 18. Rde1 Rc7 19. h4 h6 20. Be4 Be6 21. a3 Rd8 22. Re3 Rcd7 23. Rf3+ Kg7 24. Kh2 Rd2 25. Rg3 Bc4 26. h5 g5 27. f4 f6 28. Bf5 e5 29. fxe5 fxe5 30. Rxe5 Kf6 31. Rge3 Rxb2 32. Bg4 Rf8 33. Rf5+ Kg7 34. Re7+ Kg8 35. Rxa7 Rxf5 36. Bxf5 Bd5 37. Bh3 Rc2 38. Ra6 Rb2 39. a4 Bc4 40. Ra8+ Kg7 41. a5 bxa5 42. Rxa5 Rc2 43. Ra7+ Kh8 44. Rh7+ Kxh7 45. Bf5+ Kg7 46. Bxc2 Kf6 47. g4 Ke5 48. Kg3 Kd5 49. Kf3 Ke5 50. Bf5 Kd5 51. Ke3 Ke5 52. Be4 Be6 53. Bf3 Bc4 54. Bd1 Bb5 55. Bb3 Bd7 {[%emt 0:00:00] Ke4+ Bc8+} 1/2-1/2

[Event "47th GRE-chT 2019"]
[Site "Patra"]
[Date "2019.07.06"]
[Round "7.32"]
[White "Nikolaidis, Ioannis"]
[Black "Papadopoulos, Georgios"]
[Result "0-1"]
[ECO "E91"]
[WhiteElo "2534"]
[BlackElo "2378"]
[Annotator "ChessBase"]
[PlyCount "92"]
[EventDate "2019.07.02"]
[EventCountry "GRE"]
[SourceTitle "playchess.com"]
[Source "ChessBase"]
[SourceQuality "1"]
[TimeControl "5400+30"]

1. d4 Nf6 2. c4 g6 3. Nc3 Bg7 4. e4 d6 5. Nf3 O-O 6. Be2 Bg4 7. Be3 Nfd7 8. Rc1 e5 9. d5 a5 10. h3 Bxf3 11. Bxf3 Na6 12. h4 f5 13. h5 Nb4 14. Rb1 f4 15. Bc1 Nc5 16. Kf1 a4 17. Be2 gxh5 18. Rxh5 Qe8 19. Rh3 Rf6 20. Bg4 Rh6 21. Rxh6 Bxh6 22. Bf5 Qe7 23. Qh5 Qg5 24. Qxg5+ Bxg5 25. Bd2 c6 26. g4 Nbd3 27. f3 Ra6 28. Ke2 Nb4 29. b3 axb3 30. axb3 Nc2 31. dxc6 Nd4+ 32. Kf2 Rxc6 33. Nb5 Nd3+ 34. Kf1 Nxf3 35. Bc3 Nh4 36. Be6+ Kf8 37. b4 f3 38. Bd5 Ra6 39. Rd1 Nf4 40. Ra1 Rxa1+ 41. Bxa1 Nd3 42. Nxd6 f2 43. Nf5 Nf3 44. Ke2 Nh2 45. Ng3 Bh4 46. Nf1 Nf4+ 0-1

[Event "47th GRE-chT 2019"]
[Site "Patra"]
[Date "2019.07.06"]
[Round "7.33"]
[White "Sigalas, Frangiskos"]
[Black "Koutoukidis, Panagiotis"]
[Result "1/2-1/2"]
[ECO "A00"]
[WhiteElo "2228"]
[BlackElo "2344"]
[Annotator "NA"]
[PlyCount "74"]
[EventDate "2019.07.02"]
[EventCountry "GRE"]
[SourceTitle "playchess.com"]
[Source "ChessBase"]
[SourceQuality "1"]
[TimeControl "5400+30"]

1. e3 d5 2. d3 e5 3. d4 Nc6 4. Bb5 Nge7 5. Nf3 e4 6. Nfd2 f5 7. O-O a6 8. Be2 Be6 9. c4 Qd7 10. Nc3 dxc4 11. Nxc4 O-O-O 12. a3 Nd5 13. Qc2 Qf7 14. Nxd5 Bxd5 15. Rd1 g5 16. b4 f4 17. Bf1 f3 18. Ne5 Nxe5 19. dxe5 Bg7 20. Bb2 Qe6 21. Rac1 Bxe5 22. Bxe5 Qxe5 23. Rd4 fxg2 24. Bxg2 Bc6 25. Rc4 Kb8 26. Bxe4 Bxe4 27. Rxe4 Qg7 28. Qc5 Rd7 29. Qe5 Rhd8 30. Qxg7 Rxg7 31. Rc5 Rd1+ 32. Kg2 Ra1 33. Rg4 h6 34. h4 Rxa3 35. hxg5 hxg5 36. Rgxg5 Rf7 37. Rgf5 Rg7+ 1/2-1/2

[Event "47th GRE-chT 2019"]
[Site "Patra"]
[Date "2019.07.06"]
[Round "7.34"]
[White "Nikolaou, Georgios"]
[Black "Tzouganakis, Panteleimon"]
[Result "1/2-1/2"]
[ECO "E63"]
[WhiteElo "2202"]
[BlackElo "2197"]
[Annotator "NA RC"]
[PlyCount "23"]
[EventDate "2019.07.02"]
[EventCountry "GRE"]
[SourceTitle "playchess.com"]
[Source "ChessBase"]
[SourceQuality "1"]
[TimeControl "5400+30"]

1. d4 Nf6 2. Nf3 g6 3. g3 Bg7 4. Bg2 O-O 5. O-O d6 6. c4 Nc6 7. Nc3 a6 8. Bf4 Nh5 9. Bc1 Nf6 10. Bf4 Nh5 11. Bc1 Nf6 12. Bf4 1/2-1/2

[Event "47th GRE-chT 2019"]
[Site "Patra"]
[Date "2019.07.06"]
[Round "7.35"]
[White "Bulmaga, Irina"]
[Black "Hristodoulaki, Antonia"]
[Result "1-0"]
[ECO "C13"]
[WhiteElo "2435"]
[BlackElo "2033"]
[Annotator "NA"]
[PlyCount "71"]
[EventDate "2019.07.02"]
[EventCountry "GRE"]
[SourceTitle "playchess.com"]
[Source "ChessBase"]
[SourceQuality "1"]
[TimeControl "5400+30"]

1. e4 e6 2. d4 d5 3. Nc3 Nf6 4. Bg5 dxe4 5. Nxe4 Be7 6. Bxf6 gxf6 7. Qd3 Nc6 8. O-O-O Nb4 9. Qb3 Qd5 10. Qxb4 Qxe4 11. Qd2 Bd7 12. Ne2 Bd6 13. Kb1 O-O-O 14. f3 Qf5 15. a3 Bc6 16. Nc3 Bf4 17. Qf2 Qa5 18. Bc4 b5 19. Bb3 Qb6 20. Ne2 Bd6 21. Qh4 Be7 22. Qh5 Be8 23. Qg4 c5 24. dxc5 Qxc5 25. Qg7 Rf8 26. Rxd8+ Bxd8 27. Qxh7 Qe5 28. Qd3 Bc7 29. Nd4 Bd7 30. g3 Qc5 31. Rd1 Rd8 32. c3 e5 33. Nc2 Kb8 34. Qe2 Qe7 35. Nb4 Qc5 36. Na6+ 1-0

[Event "47th GRE-chT 2019"]
[Site "Patra"]
[Date "2019.07.06"]
[Round "7.36"]
[White "Chrysogelou, Athanasia-Panagiota"]
[Black "Georgitsi, Antigoni"]
[Result "1/2-1/2"]
[ECO "E00"]
[WhiteElo "1770"]
[BlackElo "1758"]
[Annotator "NA"]
[PlyCount "132"]
[EventDate "2019.07.02"]
[EventCountry "GRE"]
[SourceTitle "playchess.com"]
[Source "ChessBase"]
[SourceQuality "1"]
[TimeControl "5400+30"]

1. d4 Nf6 2. c4 e6 3. g3 Bb4+ 4. Nd2 d5 5. Bg2 O-O 6. Qc2 c6 7. Ngf3 Nbd7 8. O-O Bd6 9. Re1 e5 10. dxe5 Nxe5 11. Nxe5 Bxe5 12. Nf3 Bd6 13. Bg5 h6 14. Bxf6 Qxf6 15. cxd5 cxd5 16. Red1 Be6 17. Nd4 Rac8 18. Qb3 Bc5 19. e3 Rfd8 20. a3 a6 21. Qd3 Bb6 22. Rac1 Bg4 23. Re1 Be6 24. Red1 Bg4 25. Re1 Be6 26. b4 Rc4 27. Nxe6 Qxe6 28. Rcd1 d4 29. exd4 Rcxd4 30. Rxe6 Rxd3 31. Rxd3 fxe6 32. Rxd8+ Bxd8 33. Bxb7 a5 34. b5 a4 35. Be4 Be7 36. b6 Bxa3 37. Bc2 Kf7 38. Bxa4 Kf6 39. Kg2 Kf5 40. Kf3 Ke5 41. Kg4 Kd6 42. b7 Kc7 43. Bc6 Bc5 44. f3 Bg1 45. h3 Bf2 46. Kf4 Bc5 47. Be4 Bd6+ 48. Kg4 Kd7 49. f4 Ke7 50. Kf3 Kf6 51. Bc6 e5 52. fxe5+ Kxe5 53. Ke3 Bb8 54. Bg2 Bc7 55. Be4 Bb8 56. Kf3 Bc7 57. Bc6 Kd6 58. Be4 Ke5 59. Bd3 Bb8 60. Bb5 Kd6 61. Bd3 Ke5 62. Bg6 Kf6 63. Be4 Ke5 64. Bd3 Kd4 65. Bc2 Ke5 66. Bb1 Bc7 {[%emt 0:00:43] Ke4+} 1/2-1/2

[Event "47th GRE-chT 2019"]
[Site "Patra"]
[Date "2019.07.06"]
[Round "7.37"]
[White "Georgitsi, Sofia"]
[Black "Kiousi, Panagiota"]
[Result "0-1"]
[ECO "B84"]
[WhiteElo "1487"]
[BlackElo "1895"]
[Annotator "NA"]
[PlyCount "178"]
[EventDate "2019.07.02"]
[EventCountry "GRE"]
[SourceTitle "playchess.com"]
[Source "ChessBase"]
[SourceQuality "1"]
[TimeControl "5400+30"]

1. e4 c5 2. Nf3 d6 3. d4 cxd4 4. Nxd4 Nf6 5. Nc3 a6 6. Be2 e6 7. Be3 Nbd7 8. O-O Be7 9. f4 O-O 10. Bf3 Qc7 11. Kh1 Nc5 12. Qe2 Rb8 13. g4 b5 14. a3 Bb7 15. Qg2 Ne8 16. g5 f5 17. h4 fxe4 18. Nxe4 e5 19. Nxc5 exd4 20. Ne6 Qc8 21. Bxb7 Rxb7 22. Nxd4 Kh8 23. c3 d5 24. Kh2 Bd6 25. Qxd5 Re7 26. Qf3 Qc4 27. Rad1 Qc7 28. Kg3 h6 29. Rde1 Bc5 30. Bg1 Rxf4 31. Qxf4 Bd6 32. Rxe7 Bxf4+ 33. Rxf4 Qxe7 34. Kg4 Qd7+ 35. Kg3 Qe7 36. Kg4 hxg5 37. hxg5 g6 38. Bf2 Ng7 39. Rf6 Qd7+ 40. Kh4 Qd5 41. Bg3 Qe4+ 42. Kh3 Qh1+ 43. Kg4 Qh5+ 44. Kf4 Qh3 45. Rf8+ Kh7 46. Bf2 Qf1 47. Ke3 Qc1+ 48. Kd3 Qxg5 49. Be3 Qd5 50. Rf6 g5 51. Rxa6 Nf5 52. Rb6 Qc4+ 53. Kd2 Ng3 54. Bxg5 Ne4+ 55. Ke3 Nxg5 56. Rxb5 Nf7 57. Rb4 Qc5 58. a4 Nd6 59. Kd3 Kg6 60. Nb5 Nf5 61. b3 Qd5+ 62. Nd4 Nd6 63. Rb6 Kg5 64. Rb8 Qe4+ 65. Kd2 Nc4+ 66. bxc4 Qf4+ 67. Kc2 Qxb8 68. Nb5 Kf5 69. Kb3 Ke4 70. Kb4 Qf8+ 71. c5 Kd5 72. c4+ Kc6 73. Nd4+ Kb7 74. Kb5 Qe8+ 75. c6+ Kc7 76. c5 Qe4 77. Kc4 Qb1 78. a5 Qa2+ 79. Kb4 Qb2+ 80. Kc4 Qa1 81. Nb3 Qa4+ 82. Kc3 Kxc6 83. Nd4+ Kxc5 84. Nb3+ Kd5 85. Kb2 Kc4 86. Nd2+ Kb4 87. Ne4 Qxa5 88. Kc2 Qd5 89. Nc3 Qc4 0-1

[Event "47th GRE-chT 2019"]
[Site "Patra"]
[Date "2019.07.06"]
[Round "7.38"]
[White "Katopodis, Dimitrios"]
[Black "Korniotis, Filippos"]
[Result "1-0"]
[ECO "A07"]
[WhiteElo "2279"]
[BlackElo "2141"]
[Annotator "NA"]
[PlyCount "135"]
[EventDate "2019.07.02"]
[EventCountry "GRE"]
[SourceTitle "playchess.com"]
[Source "ChessBase"]
[SourceQuality "1"]
[TimeControl "5400+30"]

1. Nf3 d5 2. g3 Bf5 3. Bg2 e6 4. d3 Be7 5. c4 c6 6. cxd5 exd5 7. Nd4 Bc8 8. e4 Bf6 9. Ne2 dxe4 10. dxe4 Qxd1+ 11. Kxd1 Ne7 12. Nbc3 O-O 13. Be3 Na6 14. a3 Nc7 15. Kc2 g6 16. Rad1 Nb5 17. Nxb5 cxb5 18. Bd4 Bxd4 19. Nxd4 Bd7 20. f4 Rfd8 21. Bf3 a6 22. b4 a5 23. Kb3 Nc6 24. Nxc6 Bxc6 25. Rxd8+ Rxd8 26. Rd1 Re8 27. bxa5 f5 28. Kb4 fxe4 29. Be2 e3 30. Kc5 Rc8 31. Kb6 Ra8 32. Rd3 Ra6+ 33. Kc5 Rxa5 34. Rxe3 Kf7 35. Bf3 Ra6 36. Be2 Ra5 37. Bd1 Ra8 38. Bb3+ Kf8 39. Bd5 Ra6 40. Bf3 Kf7 41. h4 Ra4 42. Be2 Ra5 43. Bd1 Kf6 44. Bc2 Ra8 45. g4 Kf7 46. g5 Rd8 47. Bb3+ Kf8 48. Re6 Rd3 49. Rf6+ Ke8 50. Bg8 Rd7 51. Rd6 Rc7 52. Kb6 Rg7 53. Bb3 Ke7 54. Re6+ Kf8 55. Rf6+ Ke8 56. Be6 Ke7 57. Kc5 h6 58. gxh6 Kxf6 59. hxg7 Kxg7 60. Kb6 Kh6 61. Bg4 Kg7 62. Bc8 Kf6 63. Bxb7 Bd7 64. Be4 Be8 65. Bd3 b4 66. axb4 Ba4 67. Kc5 Bd1 68. Be4 1-0

[Event "47th GRE-chT 2019"]
[Site "Patra"]
[Date "2019.07.06"]
[Round "7.39"]
[White "Krallis, Christos"]
[Black "Abelakiotis, Stavros"]
[Result "1-0"]
[ECO "B82"]
[WhiteElo "2209"]
[BlackElo "1959"]
[Annotator "NA"]
[PlyCount "83"]
[EventDate "2019.07.02"]
[EventCountry "GRE"]
[SourceTitle "playchess.com"]
[Source "ChessBase"]
[SourceQuality "1"]
[TimeControl "5400+30"]

1. e4 c5 2. Nf3 Nc6 3. d4 cxd4 4. Nxd4 e6 5. Nc3 Qc7 6. Nb3 a6 7. Bd3 b5 8. f4 Bb7 9. Be3 Nf6 10. O-O d6 11. Qf3 Be7 12. Qh3 Nb4 13. g4 h5 14. g5 Ng4 15. Bd2 Qb6+ 16. Kg2 d5 17. Qf3 Rd8 18. Rae1 Nxd3 19. cxd3 dxe4 20. Nxe4 f5 21. gxf6 gxf6 22. Ba5 Qc6 23. Bxd8 Bxd8 24. Nd4 Qb6 25. Nxe6 Be7 26. f5 Rg8 27. Kh1 h4 28. h3 Ne5 29. Qh5+ Kd7 30. d4 Nd3 31. Re3 Bxe4+ 32. Rxe4 Qc6 33. d5 Qxd5 34. Qf3 Ne5 35. Qe3 Nc6 36. Nf4 Qxf5 37. Rd1+ Kc8 38. Rxe7 Nxe7 39. Qxe7 Qxf4 40. Qe6+ Kc7 41. Rd7+ Kc8 42. Qc6+ 1-0